 Dungeon Crawl Stone Soup version 0.28.0 (webtiles) character file.

Game seed: 13654004049581953198

1799 Jase the Devout (level 8, 0/74 HPs)
             Began as a Deep Dwarf Fighter on Feb 12, 2022.
             Was a Priest of Zin.
             Killed from afar by an orc wizard (3 damage)
             ... with a magic dart
             ... on level 7 of the Dungeon.
             The game lasted 00:36:52 (5874 turns).

Jase the Devout (Deep Dwarf Fighter)                Turns: 5874, Time: 00:36:52

Health: 0/74       AC: 14    Str: 25    XL:     8   Next: 83%
Magic:  11/11      EV:  6    Int: 12    God:    Zin [***...]
Gold:   204        SH:  5    Dex: 15    Spells: 7/7 levels left

rFire   . . .      SeeInvis .   a - +0 war axe
rCold   . . .      Faith    .   c - +0 buckler
rNeg    + . .      Spirit   .   v - +0 plate armour
rPois   ∞          Reflect  .   t - +0 helmet
rElec   .          Harm     .   (no cloak)
rCorr   .          Rampage  .   (no gloves)
Will    +....                   (no boots)
Stlth   ..........              (no amulet)
HPRegen 0.00/turn               j - ring of positive energy
MPRegen 0.12/turn               (no ring)

@: vitalised, on recite cooldown
A: damage resistance, heal wounds, sense surroundings 1, no regeneration
a: Heal Wounds, Renounce Religion, Recite, Vitalisation, Imprison, Donate Gold


You were on level 7 of the Dungeon.
You worshipped Zin.
Zin was most pleased with you.
You visited 1 branch of the dungeon, and saw 7 of its levels.

You collected 271 gold pieces.
You spent 40 gold pieces at shops.
You donated 27 gold pieces to Zin.

Inventory:

Hand Weapons
 a - a +0 war axe (weapon)
 b - a +0 vorpal hunting sling
Missiles
 h - 233 stones (quivered)
 s - 20 poisoned darts
 u - 21 sling bullets
Armour
 c - a +0 buckler (worn)
 k - a +0 scale mail
 t - a +0 helmet (worn)
 v - a +0 plate armour (worn)
Jewellery
 d - a +4 ring of protection
 f - a ring of ice
 j - a ring of positive energy (left hand)
Scrolls
 e - 2 scrolls of fog
 p - a scroll of holy word
 r - 2 scrolls of blinking
 w - a scroll of fear
 A - 4 scrolls of teleportation
 B - 3 scrolls of magic mapping {unknown}
Potions
 g - 2 potions of brilliance
 i - 3 potions of mutation
 l - 2 potions of curing
 m - 2 potions of might
 n - 3 potions of flight
 o - a potion of attraction
 x - a potion of heal wounds
 z - 5 potions of haste


   Skills:
 - Level 5.0 Fighting
 - Level 4.8 Axes
 + Level 6.2 Slings
 + Level 6.2 Armour
 - Level 3.2 Shields
 + Level 7.8 Invocations


You had 7 spell levels left.
You didn't know any spells.
Your spell library contained the following spells:

 Spells                   Type           Power      Damage    Failure   Level
 Sandblast                Erth           0%         2d4       99%         1
 Passwall                 Tmut/Erth      0%         N/A       100%        2
 Stone Arrow              Conj/Erth      0%         3d7       100%        3


Dungeon Overview and Level Annotations

Branches:
Dungeon (7/15)             Temple (0/1) D:7

Altars:
Cheibriados
Zin
The Shining One

Shops:
D:1 [   D:3 !:

Annotations:
D:2 1 runed translucent door, Crazy Yiuf


Innate Abilities, Weirdness & Mutations

You are resistant to damage.
You can heal yourself by infusing magical energy.
You passively map a small area around you.
You do not regenerate.


Message History

Press: ? - help, Q - select action, (/) - cycle Shift-Dir - straight line, f/p - orc warrior
Aim: an orc warrior, wielding a +0 flail, wearing a +0 chain mail and quivering boomerangs (lightly wounded, 61% to hit)
You shoot a sling bullet. The sling bullet hits the orc warrior.
The orc warrior is moderately wounded.
You are ready to recite again.
The orc warrior hits you with a +0 flail!
* * * LOW HITPOINT WARNING * * *
Activating: Recite (0% risk of failure)
Press: ? - help, Dir - look around, f - activate You clear your throat and prepare to recite. "Yea, I say unto thee, bring forth..."
The orc warrior is struck blind by the wrath of Zin!
The orc warrior shouts!
The orc is struck blind by the wrath of Zin!
The orc shouts!
The orc warrior hits you with a +0 flail!
Zin protects you from harm!
a - a +0 war axe (weapon)
You hit the orc warrior but do no damage.
The orc warrior is moderately wounded. "...the amorphous wretches that they may know..."
The orc warrior hits you with a +0 flail.
The orc warrior hits you but does no damage.
You hit the orc warrior.
The orc warrior is heavily wounded. "...the wrath of Zin, and thus be condemned!"
You finish reciting Abominations 10:63.
The orc warrior barely misses you.
You slash the orc warrior!
The orc warrior is almost dead.
You block the orc warrior's attack.
You slash the orc warrior!
You kill the orc warrior!
You closely miss something. Something hits you but does no damage.
You slash something! Something hits you but does no damage.
You hit something but do no damage.
You hear some strange, mumbled words.
A magic dart appears from out of thin air!
The magic dart hits you!
You die...

............... ,
......((.###... , #.##.##(##
, *#.##....# * * * *
*#......## , ##* ..#####.#.#
#. .. #.#o# * #. #.## #.#{#
####. ... ####.#@## * ,
.....,.. *#.......# .....#.,
#.......# # ,
*##...#####.......#####.
#......................* ,,
###...#####.....#....#.###**
* .#....#####...............
, #..................###.# *
.#....########..##.....#


You could see an orc (blind).

Vanquished Creatures
  Eustachio (D:6)
  A water moccasin (D:7)
  Duvessa (D:4)
  2 orc warriors (D:7)
  A sky beast (D:5)
  A black bear (D:6)
  An ogre (D:6)
  Blork the orc (D:4)
  A wyvern zombie (D:7)
  A water moccasin zombie (D:5)
  A water moccasin skeleton (D:6)
  Dowan (D:4)
  A jelly (D:5)
  3 hounds
  5 orc priests
  An iguana (D:3)
  An iron imp (D:4)
  Jessica (D:2)
  3 orc wizards
  A killer bee zombie (D:7)
  2 hound skeletons
  Robin (D:3)
  7 adders
  3 gnolls
  An adder zombie (D:5)
  An adder skeleton (D:4)
  A worm (D:2)
  2 dart slugs
  22 orcs
  9 ball pythons
  12 bats
  10 endoplasms
  A giant cockroach (D:3)
  21 goblins
  9 hobgoblins
  3 jackals
  9 quokkas
  6 frilled lizards
  5 kobolds
  3 rats
157 creatures vanquished.

Vanquished Creatures (others)
  3 plants (D:2)
3 creatures vanquished.

Grand Total: 160 creatures vanquished

Notes
Turn   | Place    | Note
-------+----------+-------------------------------------------
     0 | D:1      | Jase the Deep Dwarf Fighter began the quest for the Orb.
     0 | D:1      | Reached XP level 1. HP: 20/20 MP: 1/1
   109 | D:1      | Found Yticod's Antique Armour Emporium.
   153 | D:1      | Reached XP level 2. HP: 21/28 MP: 2/2
   782 | D:2      | Noticed Jessica
   788 | D:2      | Killed Jessica
   789 | D:2      | Reached XP level 3. HP: 20/34 MP: 3/3
   911 | D:2      | Reached XP level 4. HP: 44/44 MP: 4/4
   942 | D:2      | Found a faded altar of an unknown god.
  1273 | D:2      | Found a runed translucent door.
  1274 | D:2      | Noticed Crazy Yiuf
  1518 | D:3      | Found Paykamucsy's Book Shop.
  1564 | D:3      | Found a glowing silver altar of Zin.
  1645 | D:3      | Became a worshipper of Zin the Law-Giver
  1671 | D:3      | Found Hafebuah's Distillery.
  1676 | D:3      | Bought a potion of degeneration for 10 gold pieces
  1676 | D:3      | Bought a potion of curing for 30 gold pieces
  1826 | D:3      | Noticed Robin
  1947 | D:3      | Killed Robin
  1948 | D:3      | Reached XP level 5. HP: 44/50 MP: 5/5
  2004 | D:3      | Reached skill level 1 in Invocations
  2176 | D:3      | Reached skill level 1 in Slings
  2296 | D:3      | Reached skill level 2 in Invocations
  2534 | D:4      | Reached * piety under Zin
  2545 | D:4      | Reached XP level 6. HP: 58/58 MP: 6/6
  2785 | D:4      | Noticed Duvessa
  2927 | D:4      | Noticed Dowan
  2965 | D:4      | Killed Duvessa
  2966 | D:4      | Reached skill level 3 in Invocations
  2967 | D:4      | Killed Dowan
  3154 | D:4      | Reached XP level 7. HP: 36/66 MP: 8/8
  3194 | D:4      | Reached skill level 5 in Fighting
  3196 | D:4      | Reached skill level 4 in Invocations
  3413 | D:4      | Found a snail-covered altar of Cheibriados.
  3413 | D:4      | Noticed Blork the orc
  3451 | D:4      | Killed Blork the orc
  3554 | D:4      | Found a glowing golden altar of the Shining One.
  3959 | D:5      | Entered Level 5 of the Dungeon
  4003 | D:5      | Reached ** piety under Zin
  4161 | D:5      | Reached skill level 5 in Invocations
  4866 | D:6      | Noticed Eustachio
  4913 | D:6      | Killed Eustachio
  4914 | D:6      | Reached skill level 6 in Invocations
  4914 | D:6      | Reached XP level 8. HP: 55/74 MP: 10/10
  5067 | D:6      | Reached *** piety under Zin
  5203 | D:6      | Reached skill level 5 in Slings
  5203 | D:6      | Reached skill level 5 in Armour
  5563 | D:7      | Reached skill level 7 in Invocations
  5838 | D:7      | Found a staircase to the Ecumenical Temple.
  5865 | D:7      | HP: 3/74 [orc warrior (11)]
  5866 | D:7      | Zin protects you from harm!
  5874 | D:7      | Killed from afar by an orc wizard

Illustrated notes

Levels and vault maps discovered:
D:1:      minmay_arrival_arboretum_small, layout_loops_ring, serial_shops,
          nicolae_shop_behind_doors
D:2:      layout_rooms, shapermc_ecumenical_altar_acropolis, uniq_jessica,
          uniq_crazy_yiuf_cottage
D:3:      layout_basic, mainiacjoe_overflow_small_starburst, serial_shops,
          nicolae_square_shop, nicolae_square_shop, uniq_robin
D:4:      layout_basic, slow_altar_2, tso_oasis_becter, uniq_blork_the_orc,
          uniq_duvessa
D:5:      layout_basic
D:6:      layout_basic, chequers_serial_rivers_micro_c, uniq_eustachio
D:7:      layout_loops_ring, gammafunk_temple_overflow_pools,
          minmay_temple_entry_large_hall, grunt_ministairs_8, roderic_lattice_a,
          kennysheep_small_circle

Skill      XL: |  1  2  3  4  5  6  7  8 |
---------------+-------------------------+-----
Fighting       | 3 4 5 |  5.0
Axes           | 3 4 |  4.8
Invocations    | 2 3 6 7 |  7.8
Slings         | 1 2 4 6 |  6.2
Armour         | 4 6 |  6.2
Shields        | |  3.2

Action                   |  1- 3 |  4- 6 |  7- 9 || total
-------------------------+-------+-------+-------++-------
Melee: War axe           |    82 |   132 |    22 ||   236
 Fire: Hunting sling     |     6 |   121 |   269 ||   396
Throw: Stone             |       |     1 |       ||     1
Invok: Recite            |       |     8 |     7 ||    15
       Vitalisation      |       |       |     1 ||     1
 Abil: Heal Wounds       |     1 |     2 |     4 ||     7
  Use: Potion            |       |     1 |     2 ||     3
       Scroll            |       |     8 |     5 ||    13
Armor: Scale mail        |    45 |    66 |     8 ||   119
       Plate armour      |       |       |   106 ||   106
Dodge: Dodged            |    37 |    67 |    52 ||   156
Block: Buckler           |    16 |    39 |    42 ||    97
